 Dungeon Crawl Stone Soup version 0.28.0 (webtiles) character file.

Game seed: 1168434765683418281

161 croobank the Grasshopper (level 5, -3/32 HPs)
             Began as a Gargoyle Warper on Feb 10, 2022.
             Was an Initiate of Hepliaklqana.
             Slain by a scorpion (7 damage)
             ... on level 4 of the Dungeon.
             The game lasted 00:09:25 (3745 turns).

croobank the Grasshopper (Gargoyle Warper)          Turns: 3745, Time: 00:09:26

Health: -3/32      AC:  7    Str: 15    XL:     5   Next: 42%
Magic:  8/8        EV: 11    Int: 13    God:    Hepliaklqana [......]
Gold:   179        SH:  0    Dex: 11    Spells: 3/8 levels left

rFire   . . .      SeeInvis .   u - +3 dagger (freeze)
rCold   . . .      Faith    .   (no shield)
rNeg    + . .      Spirit   .   b - +0 leather armour
rPois   ∞          Reflect  .   (no helmet)
rElec   +          Harm     .   (no cloak)
rCorr   .          Rampage  .   (no gloves)
Will    .....                   (no boots)
Stlth   +.........              (no amulet)
HPRegen 0.10/turn               (no ring)
MPRegen 0.11/turn               (no ring)

@: no status effects
A: sickness immunity, AC +4, negative energy resistance 1, electricity
resistance, torment resistance 1, petrification resistance
a: Renounce Religion


You were on level 4 of the Dungeon.
You worshipped Hepliaklqana.
Hepliaklqana was noncommittal.
You visited 1 branch of the dungeon, and saw 4 of its levels.

You collected 179 gold pieces.

Inventory:

Hand Weapons
 a - a +0 mace
 i - a +0 dagger of protection
 n - a +0 vampiric whip
 u - a +3 dagger of freezing (weapon)
Missiles
 d - 5 boomerangs of dispersal (quivered)
 f - 45 stones
 o - 8 poisoned darts
 r - 4 silver javelins
 t - 49 arrows
Armour
 b - a +0 leather armour (worn)
 g - a +0 scale mail
 m - a +0 ring mail
Scrolls
 c - a scroll of torment {unknown}
 e - 2 scrolls of amnesia {unknown}
 h - a scroll of summoning {unknown}
 j - a scroll of identify {unknown}
 p - a scroll of enchant armour {unknown}
Potions
 k - a potion of heal wounds {unknown}
 l - a potion of curing {unknown}
 q - a potion of magic {unknown}
 s - a potion of haste {unknown}


   Skills:
 + Level 3.0 Fighting
 + Level 0.2 Short Blades
 - Level 2.6 Maces & Flails
 + Level 1.8 Throwing
 + Level 2.3 Armour
 + Level 2.2 Dodging
 + Level 2.4 Spellcasting
 + Level 3.2 Translocations


You had 3 spell levels left.
You knew the following spells:

 Your Spells              Type           Power      Damage    Failure   Level
a - Blink                 Tloc           18%        N/A       12%         2
b - Teleport Other        Tloc           9%         N/A       24%         3

Your spell library contained the following spells:

 Spells                   Type           Power      Damage    Failure   Level
 Gell's Gravitas          Tloc           9%         N/A       24%         3
 Lesser Beckoning         Tloc           9%         N/A       24%         3
 Manifold Assault         Tloc           9%         N/A       91%         5


Dungeon Overview and Level Annotations

Branches:
Dungeon (4/15)
 Temple: D:4-7

Altars:
Hepliaklqana
Okawaru

Annotations:
D:3 Grinder


Innate Abilities, Weirdness & Mutations

You are immune to sickness and miasma.
Your stone body is resilient. (AC +4)
You are immune to poison.
You resist negative energy. (rN+)
You are resistant to electric shocks. (rElec)
You are resistant to unholy torment.
You are immune to petrification.


Message History

The scorpion closely misses you. x2
You barely miss the scorpion.
The scorpion is moderately wounded.
The scorpion barely misses you.
You hit the scorpion. You freeze the scorpion.
The scorpion is heavily wounded.
The scorpion stings you but does no damage.
You hit the scorpion. You freeze the scorpion.
The scorpion is severely wounded.
The scorpion stings you but does no damage.
You hit the scorpion. You freeze the scorpion.
The scorpion is almost dead.
The scorpion stings you!
You hit the scorpion but do no damage.
The scorpion is almost dead.
The scorpion barely misses you.
You closely miss the scorpion. Your punch misses the scorpion.
The scorpion is almost dead.
The scorpion stings you but does no damage. x2
You hit the scorpion but do no damage.
The scorpion is almost dead.
The scorpion closely misses you.
You closely miss the scorpion.
The scorpion is almost dead.
The scorpion closely misses you.
You hit the scorpion but do no damage.
The scorpion is almost dead.
The scorpion stings you.
* * * LOW HITPOINT WARNING * * *
You closely miss the scorpion.
The scorpion is almost dead.
The scorpion completely misses you.
You barely miss the scorpion.
The scorpion is almost dead.
The scorpion stings you.
* * * LOW HITPOINT WARNING * * *
You barely miss the scorpion.
The scorpion is almost dead.
The scorpion stings you!
You die...

#................
...
########........#
.... #......... ...
###.......#. ...
#...........
#.######.########..
#......#.# #..
.###.###....#.# ###
.......@....'.# #..
.###.###s...### #..
#......# #..
#.###### ##.# ...
#..# ... ###.##
.... #..... ..$
#..... #...[.


You could see a scorpion.

Vanquished Creatures
  Jessica (D:3)
  A gnoll (D:4)
  4 adders
  2 adder skeletons (D:4)
  3 worms
  4 ball pythons
  4 bats
  9 endoplasms
  A giant cockroach (D:1)
  4 goblins
  13 hobgoblins
  6 jackals
  7 kobolds
  3 quokkas
  5 frilled lizards
  3 rats (D:2)
70 creatures vanquished.

Vanquished Creatures (others)
  A fungus (D:1)
  A plant (D:1)
2 creatures vanquished.

Grand Total: 72 creatures vanquished

Notes
Turn   | Place    | Note
-------+----------+-------------------------------------------
     0 | D:1      | croobank the Gargoyle Warper began the quest for the Orb.
     0 | D:1      | Reached XP level 1. HP: 12/12 MP: 3/3
    52 | D:1      | Reached skill level 1 in Throwing
   267 | D:1      | Reached XP level 2. HP: 18/18 MP: 5/5
   270 | D:1      | Learned a level 2 spell: Blink
  1035 | D:1      | Reached XP level 3. HP: 22/22 MP: 6/6
  1148 | D:1      | Found a faded altar of an unknown god.
  1720 | D:2      | Reached XP level 4. HP: 25/27 MP: 7/7
  2012 | D:2      | Found an iron altar of Okawaru.
  2322 | D:2      | Learned a level 3 spell: Teleport Other
  2579 | D:3      | Noticed Jessica
  2586 | D:3      | Killed Jessica
  2620 | D:3      | Reached XP level 5. HP: 27/32 MP: 8/8
  2899 | D:3      | Noticed Grinder
  3069 | D:3      | Found a hazy altar of Hepliaklqana.
  3153 | D:3      | Became a worshipper of Hepliaklqana the Forgotten
  3745 | D:4      | Slain by a scorpion

Illustrated notes

Levels and vault maps discovered:
D:1:      dpeg_arrival_three_same_balls, layout_basic,
          shapermc_ecumenical_altar_mp_ritualfount, grunt_decor_resistance,
          hex_medium
D:2:      layout_loops_ring, basic_altar, amethyst_killhole
D:3:      layout_loops_ring, lemuel_tele_altar, chequers_serial_rivers_large_b,
          uniq_grinder, uniq_jessica
D:4:      layout_basic, minmay_temple_entry_trees, kennysheep_minor_cross,
          hangedman_decor_push, minmay_small_thing

Skill      XL: |  1  2  3  4  5 |
---------------+----------------+-----
Throwing       | 1 |  1.8
Armour         | 2 |  2.3
Dodging        | 2 |  2.2
Translocations | 3 |  3.2
Fighting       | 3 |  3.0
Short Blades   | |  0.2
Maces & Flails | |  2.6
Spellcasting   | |  2.4

Action                   |  1- 3 |  4- 6 || total
-------------------------+-------+-------++-------
Melee: Mace              |   132 |    91 ||   223
       Punch             |     1 |     2 ||     3
       Dagger            |       |    52 ||    52
  Use: Scroll            |       |     1 ||     1
 Stab: Distracted        |     1 |       ||     1
Armor: Leather armour    |    49 |    54 ||   103
Dodge: Dodged            |    86 |    83 ||   169
